 Dungeon Crawl Stone Soup version 0.29.0-5-ge4962eb29e (webtiles) character file.

Game seed: 1024153956343522919

200791 freelancePsychic the Warrior (level 18, -6/162 HPs)
             Began as a Barachi Transmuter on Aug 28, 2022.
             Was a High Priest of Okawaru.
             Killed by the raging water
             ... invoked by a water nymph
              (15 damage)
             ... on level 4 of the Shoals.
             The game lasted 01:12:59 (42034 turns).

freelancePsychic the Warrior (Barachi Transmuter)  Turns: 42034, Time: 01:12:59

Health: -6/162     AC: 27    Str: 17    XL:     18   Next: 52%
Magic:  24/24      EV: 15    Int: 21    God:    Okawaru [*****.]
Gold:   1079       SH: 25    Dex: 18    Spells: 19/21 levels left

rFire   + . .      SeeInvis .     - Unarmed
rCold   + + .      Faith    .   C - +3 tower shield {rC+}
rNeg    . . .      Spirit   .   N - +3 scale mail of Renwium {rF+ rC+ Int+4}
rPois   +          Reflect  .   p - +2 helmet
rElec   .          Harm     .   m - +2 cloak {rPois}
rCorr   .          Rampage  ∞   s - +0 pair of gloves
Will    .....                   S - +3 pair of seven-league boots {Rampage+∞}
Stlth   +.........              d - amulet of regeneration
HPRegen 1.17/turn               c - +4 ring of slaying
MPRegen 0.19/turn               q - +6 ring of dexterity

@: lethally poisoned (-6 -> -6), lit by a corona, about to teleport,
weak-willed, afraid, heroic, glowing, studying Evocations, slow
A: amphibious, slowness 1, strong legs 2, +LOS
}: 1/15 runes: serpentine
a: Hop, Renounce Religion, Heroism, Finesse, Duel


You were on level 4 of the Shoals.
You worshipped Okawaru.
Okawaru was extremely pleased with you.
You visited 6 branches of the dungeon, and saw 31 of its levels.

You collected 3183 gold pieces.
You spent 2104 gold pieces at shops.

Inventory:

Missiles
 g - 3 throwing nets
Armour
 b - quicksilver dragon scales
 j - the +3 tower shield of Qesus {rC+++ Str-2 Int-2 Dex+2}
   (Okawaru gifted it to you on level 1 of the Orcish Mines)

   Str:       It affects your strength (-2).
   Int:       It affects your intelligence (-2).
   Dex:       It affects your dexterity (+2).
   rC:        It renders you almost immune to cold.
 m - a +2 cloak of poison resistance (worn)
 p - a +2 helmet (worn)
 s - a +0 pair of gloves (worn)
 C - a +3 tower shield of cold resistance (worn)
 N - the +3 scale mail of Renwium (worn) {rF+ rC+ Int+4}
   (Okawaru gifted it to you on level 2 of the Lair of Beasts)

   Int:       It affects your intelligence (+4).
   rF:        It protects you from fire.
   rC:        It protects you from cold.
 S - the +3 pair of seven-league boots (worn) {Rampage+∞}
   (Okawaru gifted it to you on level 4 of the Lair of Beasts)

   Its wearer moves as far as possible in that direction when moving towards
   enemies.
Jewellery
 a - a +4 ring of protection
 c - a +4 ring of slaying (left hand)
 d - an amulet of regeneration (around neck)
 q - a +6 ring of dexterity (right hand)
 x - a ring of flight
 G - an amulet of reflection
 J - a +6 ring of intelligence
 O - a ring of magical power
 P - an amulet of guardian spirit
 U - a ring of protection from cold
Wands
 o - a wand of paralysis (22)
 v - a wand of acid (10)
 y - a wand of roots (24)
 A - a wand of polymorph (20)
 L - a wand of flame (48)
Scrolls
 n - 2 scrolls of brand weapon
 r - 3 scrolls of enchant weapon
 t - 3 scrolls of immolation
 u - 3 scrolls of vulnerability
 z - 6 scrolls of teleportation {@r4}
 B - 8 scrolls of magic mapping
 D - 7 scrolls of amnesia
 E - a scroll of fear
 R - a scroll of poison
 T - 9 scrolls of fog
 X - 3 scrolls of enchant armour
 Y - 7 scrolls of identify {@r1}
 Z - 3 scrolls of silence
Potions
 e - 6 potions of might
 h - 7 potions of curing {@q1}
 i - 7 potions of brilliance
 k - 10 potions of attraction
 l - 7 potions of mutation
 w - 4 potions of resistance
 F - a potion of invisibility
 H - 2 potions of berserk rage
 M - 4 potions of lignification
 Q - 6 potions of ambrosia
 V - 2 potions of haste {@q3}
 W - a potion of flight
Miscellaneous
 f - a tin of tremorstones (inert)
 K - a phial of floods (inert)


   Skills:
 - Level 20.0(25.0) Fighting
 + Level 11.6(16.6) Armour
 - Level 7.3(12.3) Dodging
 + Level 14.8(19.8) Shields
 * Level 19.5(24.5) Unarmed Combat
 - Level 2.1 Spellcasting
 - Level 2.1 Transmutations
 - Level 8.4 Invocations
 + Level 13.6 Evocations


You had 19 spell levels left.
You knew the following spells:

 Your Spells              Type           Power      Damage    Failure   Level
a - Wereblood             Tmut           11%        N/A       41%         2

Your spell library contained the following spells:

 Spells                   Type           Power      Damage    Failure   Level
 Beastly Appendage        Tmut           22%        N/A       28%         1
 Necrotise                Necr           8%         1d4       56%         1
 Spider Form              Tmut/Pois      6%         N/A       80%         3
 Ignite Poison            Fire/Tmut/Pois 5%         N/A       83%         3
 Dazzling Flash           Conj/Hex       4%         N/A       91%         3
 Portal Projectile        Hex/Tloc       4%         N/A       91%         3
 Vampiric Draining        Necr           2%         2d6       91%         3
 Ice Form                 Ice/Tmut       6%         N/A       99%         4
 Airstrike                Air            1%         2d(1-17)  100%        4
 Corpse Rot               Necr/Pois/Air  2%         N/A       100%        4
 Iskenderun's Mystic Bla  Conj/Tloc      2%         2d3       100%        4
 Passage of Golubria      Tloc           2%         N/A       100%        4
 Agony                    Necr           2%         N/A       100%        5
 Blade Hands              Tmut           5%         N/A       100%        5
 Borgnjor's Vile Clutch   Necr/Erth      1%         N/A       100%        5
 Iskenderun's Battlesphe  Conj           2%         2d6       100%        5
 Lightning Bolt           Conj/Air       1%         1d12      100%        5
 Silence                  Hex/Air        1%         N/A       100%        5
 Yara's Violent Unravell  Hex/Tmut       3%         3d4       100%        5
 Conjure Ball Lightning   Conj/Air       1%         3x3d6     100%        6
 Iron Shot                Conj/Erth      1%         9d1       100%        6
 Starburst                Conj/Fire      1%         6d3       100%        6
 Tukima's Dance           Hex            Unusable   N/A       N/A         3
 Animate Dead             Necr           Unusable   N/A       N/A         4
 Summon Lightning Spire   Summ/Air       Unusable   N/A       N/A         4
 Death Channel            Necr           Unusable   N/A       N/A         6
 Spellforged Servitor     Conj/Summ      Unusable   N/A       N/A         7

Dungeon Overview and Level Annotations

Branches:
Dungeon (15/15)            Temple (1/1) D:6            Lair (5/5) D:8
 Shoals (4/4) Lair:2        Snake (4/4) Lair:3        Slime (0/5) Lair:4
    Orc (2/2) D:12            Elf (0/3) Orc:2        Vaults (0/5) D:13
 Depths (0/4) D:15

Altars:
Ashenzari
Cheibriados
Dithmenos
Elyvilon
Fedhas
Gozag
Hepliaklqana
Kikubaaqudgha
Makhleb
Nemelex Xobeh
Okawaru
Qazlal
Ru
Sif Muna
Trog
Uskayaw
Vehumet
Wu Jian
Xom
Yredelemnul
Zin
The Shining One
Jiyva
Lugonu

Shops:
D:6 *   D:7 [   Orc:2 *[:(   Snake:1 :   Snake:2 [

Portals:
Abyss: Lair:2 Lair:5

Annotations:
D:2 1 runed translucent door, Crazy Yiuf, Natasha
Temple 2 transporters
Lair:1 3 runed translucent doors, greasedhog's ghost, journeyman TeWn
Lair:2 2 transporters, pdpol's ghost, journeyman MiFi
Shoals:2 6 transporters


Innate Abilities, Weirdness & Mutations

You are amphibious.
You cover ground slowly.
You can hop long distances.
You have an extended range of vision and can be seen from far away.


Message History

You feel very sick. The faun closely misses you. You block the faun's attack.
The satyr plays a frightful melody on his pipes!
The satyr radiates an aura of fear!
You are terrified of the satyr!
You block the sea snake's attack. The water nymph closely misses you.
You hit the satyr.
The satyr is severely wounded.
You feel sick. The faun closely misses you. You block the faun's attack.
The satyr shoots an arrow.
You block the arrow. The sea snake bites you!
As you read the scroll of teleportation {@r4}, it crumbles to dust.
You feel strangely unstable.
You feel very sick.
The water nymph gestures at you while chanting.
The water swirls and strikes you. You block the water nymph's attack.
You block the faun's attack. The faun hits you with a +0 spear!!
* * * LOW HITPOINT WARNING * * *
The sea snake bites you.
* * * LOW HITPOINT WARNING * * *
The satyr shoots an arrow.
You block the arrow.
You feel very sick. You block the water nymph's attack.
You block the faun's attack.
The faun splashes around in the water.
The satyr shoots an arrow.
You block the arrow.
The sea snake bites you but does no damage.
The satyr attacks as you move away!
The satyr unwields a +0 longbow.
The satyr wields a +0 spear.
The satyr hits you but does no damage.
You feel sick. You block the water nymph's attack.
Floosh!
The faun completely misses you.
The satyr hits you from afar with a +0 spear!
* * * LOW HITPOINT WARNING * * *
The sea snake barely misses you.
A manticore comes into view.
The water nymph casts a spell at you. The water swirls and strikes you!
* * * LOW HITPOINT WARNING * * *
The water nymph gestures at you while chanting.
The water swirls and strikes you!
You die...

≈≈≈≈≈~~~~~≈~~~.<.~~).....
≈≈≈≈≈≈~~~~~~~~~~~~~.#.#.#
≈≈≈≈~~~~~~~~~~~~~~~.### #
≈≈~~~~~~~~~~~~~~~~###
~~~~~~~~~~~~~~~~~~~
~~~~~~~~~~~~~~~~~~##
~..~~~~~.~~~..~~~~#
....~~~.~Sc~~..~~~~
~..~~~~~@m~~....~~~
#####~~m~cc.....~~#
##~.~........~~
~~~#~.........~~
≈~~~#~.........~~ #~#~
##.........~~ H~ ~
.........~~~ . ~#
#~......=.~~~ ~≈
##.......~~~~


You could see a satyr (scary), a sea snake, 2 fauns, a manticore (wandering) and
2 water nymphs.

Vanquished Creatures
  Jorgrun (D:13)
  2 quicksilver dragons (Snake:4)
  Polyphemus (Shoals:3)
  Ilsuiw (Shoals:3)
  Kirke (D:12)
  2 nagarajas (Snake:4)
  2 orc warlords
  The ghost of blobycou the Severer, a journeyman DsFi of Qazlal (Snake:3)
  Azrael (Orc:2)
  2 merfolk impalers
  A fire dragon (D:15)
  2 merfolk javelineers
  Josephine (D:15)
  4 boulder beetles
  A vault guard (D:13)
  An ice dragon (D:15)
  13 hydras
  A salamander tyrant (Snake:4)
  2 merfolk avatars (Shoals:2)
  A catoblepas (Shoals:3)
  4 centaur warriors
  A merfolk aquamancer (Shoals:2)
  7 anacondas
  2 alligator snapping turtles (Shoals:3)
  12 naga warriors
  3 tengu warriors
  7 death yaks
  A satyr (Shoals:3)
  4 two-headed ogres
  Urug (Orc:2)
  3 thrashing horrors (Lair:5)
  11 naga sharpshooters
  5 shock serpents
  3 orc high priests (Orc:2)
  Amaemon (Lair:2)
  2 salamander mystics (Snake:4)
  2 large abominations (Lair:5)
  5 skeletal warriors (D:11)
  10 sea snakes
  4 naga ritualists
  A wizard (D:15)
  A lindwurm (Lair:4)
  Pikel (D:5)
  A harpy (shapeshifter) (Lair:5)
  4 orc knights
  2 deep elf zephyrmancers (Orc:2)
  18 harpies
  7 deep elf pyromancers (Orc:2)
  22 ugly things
  4 orc sorcerers (Orc:2)
  4 mana vipers
  7 fauns
  4 cyclopes
  12 salamanders
  6 manticores
  5 elephants (Lair:5)
  10 merfolk sirens
  35 black mambas
  7 water nymphs
  6 guardian serpents
  Joseph (D:8)
  4 naga magi
  6 cane toads
  3 smoke demons
  2 gargoyles
  The ghost of Sobieck the Skirmisher, a novice VSHu (D:6)
  An orange demon (Lair:2)
  4 rime drakes
  An unseen horror (D:13)
  Maggie (Lair:2)
  Psyche (D:8)
  A komodo dragon (shapeshifter) (D:13)
  5 kobold demonologists
  An efreet (D:14)
  An ancient zyme (Lair:5)
  2 tengu conjurers
  13 komodo dragons
  A hornet (D:9)
  13 merfolk
  4 trolls
  A queen bee (D:12)
  A troll (shapeshifter) (Lair:5)
  4 wind drakes
  2 polar bears
  5 slime creatures (D:13)
  12 dream sheep
  40 blink frogs
  2 snapping turtles (Shoals:1)
  3 water elementals
  2 spriggans (Lair:5)
  A spriggan (shapeshifter) (Lair:5)
  2 shadows
  5 wyverns
  12 basilisks
  A ynoxinul (Lair:5)
  2 humans (D:12)
  7 wraiths
  A hog (D:12)
  Grum (D:8)
  4 fire elementals (Orc:1)
  53 yaks
  9 vampire mosquitoes
  4 wargs
  32 nagas
  9 small abominations (Lair:5)
  17 water moccasins
  An acid dragon (D:13)
  4 hell hounds
  4 black bears
  2 ice beasts
  23 orc warriors
  2 sky beasts (D:7)
  4 ogres
  15 wolves
  4 centaurs
  A lemure (D:4)
  7 kobold brigands
  2 phantoms
  14 bullfrogs
  6 necrophages
  6 gnoll sergeants
  3 scorpions
  5 wights (D:9)
  27 killer bees
  5 hounds
  3 jellies
  17 orc priests
  7 iguanas
  4 hell rats (Lair:4)
  29 orc wizards
  Robin (D:1)
  8 adders
  8 gnolls
  A shadow imp (D:5)
  2 white imps
  An ufetubus (D:5)
  A dart slug (D:3)
  80 orcs
  9 ball pythons
  6 endoplasms
  3 giant cockroaches
  10 goblins
  11 hobgoblins
  8 jackals
  6 quokkas
  7 bats
  4 frilled lizards
  12 kobolds
  2 rats (D:2)
959 creatures vanquished.

Vanquished Creatures (others)
  A small abomination (Lair:5)
  A bush (D:4)
  42 fungi
  146 plants
190 creatures vanquished.

Grand Total: 1149 creatures vanquished

Notes
Turn   | Place    | Note
-------+----------+-------------------------------------------
     0 | D:1      | freelancePsychic the Barachi Transmuter began the quest for
                  | the Orb.
     0 | D:1      | Reached XP level 1. HP: 15/15 MP: 3/3
   601 | D:1      | Reached XP level 2. HP: 11/22 MP: 5/5
   603 | D:1      | Reached skill level 2 in Fighting
  1462 | D:2      | Reached XP level 3. HP: 8/28 MP: 6/6
  1690 | D:2      | Reached skill level 3 in Fighting
  1793 | D:2      | Found a faded altar of an unknown god.
  1978 | D:2      | Noticed Robin
  2052 | D:1      | Reached XP level 4. HP: 34/35 MP: 7/7
  2133 | D:1      | Killed Robin
  2481 | D:2      | Found a runed translucent door.
  2482 | D:2      | Noticed Crazy Yiuf
  2482 | D:2      | Noticed Natasha
  2782 | D:3      | Reached skill level 1 in Evocations
  2981 | D:3      | Reached XP level 5. HP: 41/42 MP: 8/8
  3424 | D:3      | Reached skill level 4 in Fighting
  3424 | D:3      | Reached skill level 5 in Unarmed Combat
  3563 | D:4      | Noticed a phantom
  3629 | D:3      | Reached XP level 6. HP: 49/49 MP: 9/9
  3942 | D:4      | Reached skill level 5 in Fighting
  4151 | D:4      | Reached XP level 7. HP: 46/56 MP: 10/10
  4646 | D:4      | Found a blossoming altar of Fedhas.
  4838 | D:5      | Entered Level 5 of the Dungeon
  5144 | D:5      | Noticed Pikel
  5362 | D:5      | Reached skill level 6 in Fighting
  5466 | D:5      | Killed Pikel
  5467 | D:5      | Reached skill level 7 in Fighting
  5467 | D:5      | Reached skill level 5 in Evocations
  5467 | D:5      | Reached XP level 8. HP: 64/67 MP: 11/11
  5471 | D:5      | Reached skill level 1 in Armour
  5546 | D:5      | Found a broken altar of Ashenzari.
  5699 | D:6      | Found a runed translucent gate.
  5699 | D:6      | Found a runed translucent gate.
  5699 | D:6      | Found a runed translucent gate.
  5699 | D:6      | Noticed Sobieck's ghost (novice VSHu)
  5839 | D:6      | Noticed a yak
  5839 | D:6      | Noticed a yak
  5839 | D:6      | Noticed a yak
  5864 | D:6      | Killed a yak
  5866 | D:6      | Noticed a yak
  5875 | D:6      | Killed a yak
  5876 | D:6      | Reached skill level 8 in Fighting
  5876 | D:6      | Reached XP level 9. HP: 52/74 MP: 12/12
  6131 | D:6      | Found a staircase to the Ecumenical Temple.
  6148 | Temple   | Entered the Ecumenical Temple
  6148 | Temple   | Found a transporter.
  6148 | Temple   | Found a transporter.
  6149 | Temple   | Found a transporter.
  6149 | Temple   | Found a transporter.
  6175 | Temple   | Became a worshipper of Warmaster Okawaru
  6210 | D:6      | Found a shimmering altar of Xom.
  6329 | D:6      | Found Faojot's Overcharged Wands.
  6410 | D:6      | Found an ornate altar of the Wu Jian Council.
  6500 | D:6      | Reached skill level 1 in Invocations
  6573 | D:6      | Reached * piety under Okawaru
  6583 | D:6      | Reached skill level 9 in Fighting
  7025 | D:6      | Found a radiant altar of Vehumet.
  7376 | D:4      | Reached skill level 10 in Unarmed Combat
  7383 | D:4      | Reached XP level 10. HP: 83/83 MP: 13/13
  7421 | D:7      | Found a white marble altar of Elyvilon.
  7573 | D:7      | Found Bebaekeyr's Armour Shoppe.
  7576 | D:7      | Bought a +2 tower shield of cold resistance for 279 gold
                  | pieces
  7732 | D:7      | Found a sacrificial altar of Ru.
  7756 | D:7      | Reached ** piety under Okawaru
  7757 | D:7      | Reached skill level 1 in Shields
  8558 | D:8      | Noticed Joseph
  8574 | D:8      | Killed Joseph
  8770 | D:8      | Reached skill level 10 in Fighting
  8795 | D:8      | Noticed Psyche
  8798 | D:8      | Noticed Grum
  9238 | D:8      | Found a glowing silver altar of Zin.
  9313 | D:8      | Found a hazy altar of Hepliaklqana.
  9378 | D:8      | Reached *** piety under Okawaru
  9388 | D:8      | Killed Grum
  9389 | D:8      | Reached skill level 5 in Shields
  9579 | D:8      | Killed Psyche
  9722 | D:8      | Found a staircase to the Lair.
  9964 | D:9      | Paralysed by a hornet for 2 turns
  9968 | D:9      | Reached XP level 11. HP: 74/92 MP: 14/14
 10701 | D:9      | Reached **** piety under Okawaru
 11035 | D:9      | Reached skill level 11 in Fighting
 11207 | D:9      | Noticed a boulder beetle
 11212 | D:9      | Killed a boulder beetle
 11414 | D:10     | Entered Level 10 of the Dungeon
 11537 | D:10     | Found a stormy altar of Qazlal.
 11560 | D:10     | Noticed a soul eater
 11560 | D:10     | Reached ***** piety under Okawaru
 11654 | D:10     | Found a glowing golden altar of the Shining One.
 11753 | D:10     | Found a hide-covered altar of Uskayaw.
 11794 | D:10     | Found a basalt altar of Yredelemnul.
 11796 | D:10     | Found an opulent altar of Gozag.
 11990 | D:10     | Found a burning altar of Makhleb.
 12167 | D:11     | Noticed a skeletal warrior
 12184 | D:11     | Killed a skeletal warrior
 12237 | D:11     | Noticed a two-headed ogre
 12252 | D:11     | Killed a two-headed ogre
 12255 | D:11     | Reached skill level 5 in Invocations
 12354 | D:11     | Reached skill level 5 in Armour
 12675 | D:11     | Identified the +0 robe "Naomimil" {Int+4}
 12843 | D:11     | Reached XP level 12. HP: 100/100 MP: 16/16
 12844 | D:11     | Noticed a sun demon
 13212 | D:11     | Identified the +11 dagger of Nuvakim {vamp, Int+4} (Okawaru
                  | gifted it to you on level 11 of the Dungeon)
 13212 | D:11     | Received a gift from Okawaru
 13391 | D:11     | Noticed a four-headed hydra
 13563 | D:11     | Killed a four-headed hydra
 13564 | D:11     | Reached skill level 12 in Fighting
 13917 | Lair:1   | Entered Level 1 of the Lair of Beasts
 14484 | Lair:1   | Found a runed translucent gate.
 14484 | Lair:1   | Found a runed translucent gate.
 14485 | Lair:1   | Found a runed translucent gate.
 14499 | Lair:1   | Noticed a four-headed hydra
 14510 | Lair:1   | Killed a four-headed hydra
 14511 | Lair:1   | Reached skill level 10 in Shields
 15092 | Lair:1   | Noticed greasedhog's ghost (journeyman TeWn)
 15228 | D:6      | Killed Sobieck's ghost
 15228 | D:6      | Reached ****** piety under Okawaru
 15461 | Lair:2   | Noticed a rakshasa
 15670 | Lair:2   | Noticed pdpol's ghost (journeyman MiFi)
 15671 | Lair:2   | Found a one-way gate to the infinite horrors of the Abyss.
 15718 | Lair:2   | Received a gift from Okawaru
 15816 | Lair:2   | Gained mutation: You can hop long distances. [Barachi
                  | growth]
 15816 | Lair:2   | Reached XP level 13. HP: 48/109 MP: 18/18
 16035 | Lair:2   | Noticed Maggie
 16037 | Lair:2   | Noticed Amaemon
 16055 | Lair:2   | Killed Maggie
 16058 | Lair:2   | Identified the +3 scale mail of Renwium {rF+ rC+ Int+4}
                  | (Okawaru gifted it to you on level 2 of the Lair of Beasts)
 16058 | Lair:2   | Received a gift from Okawaru
 16245 | Lair:2   | Identified the +10 quarterstaff of Triumph {venom, rPois
                  | Int+6 Dex-5}
 16319 | Lair:2   | Reached skill level 13 in Fighting
 16466 | Lair:2   | Killed Amaemon
 16677 | Lair:2   | Found a staircase to the Shoals.
 16774 | Lair:2   | Found a transporter.
 16785 | Lair:2   | Noticed a rakshasa
 16789 | Lair:2   | Identified the +2 leather armour of Chill Winds {+Blink}
 17142 | Lair:2   | Noticed a dire elephant
 17174 | Lair:2   | Found a transporter.
 17610 | Lair:3   | You fall into a shaft and drop 2 floors!
 17610 | Lair:5   | Entered Level 5 of the Lair of Beasts
 17781 | Lair:3   | HP: 4/112 [basilisk (4)]
 17835 | Lair:3   | HP: 5/112 [black mamba (11)]
 18589 | Lair:3   | Reached skill level 14 in Fighting
 19095 | Lair:3   | Found a staircase to the Snake Pit.
 19993 | Lair:4   | Reached XP level 14. HP: 121/121 MP: 19/19
 20005 | Lair:4   | Received a gift from Okawaru
 20005 | Lair:4   | Found the +3 pair of seven-league boots {Rampage+∞}
 20344 | Lair:4   | Found a viscous altar of Jiyva.
 20344 | Lair:4   | Found a staircase to the Slime Pits.
 20788 | Lair:4   | Reached skill level 15 in Fighting
 21560 | Lair:5   | Reached skill level 15 in Unarmed Combat
 21973 | Lair:5   | Received a gift from Okawaru
 22334 | Lair:5   | Identified the +0 trident of Awkwardness {distort, +Blink
                  | Dex+4}
 22711 | Lair:5   | Found a corrupted altar of Lugonu.
 22717 | Lair:5   | Got the Tome of Remoulded Clouds
 23001 | Lair:5   | Reached skill level 10 in Armour
 23004 | Lair:5   | Learned a level 2 spell: Wereblood
 23032 | Lair:5   | Reached XP level 15. HP: 72/130 MP: 20/20
 24025 | D:12     | Noticed Kirke
 24041 | D:12     | Killed Kirke
 24042 | D:12     | Reached skill level 16 in Fighting
 24297 | D:12     | Found a staircase to the Orcish Mines.
 24528 | D:12     | Identified the +2 leather armour of Puingih {rF- Dex+4
                  | Slay+5}
 25098 | Orc:1    | Entered Level 1 of the Orcish Mines
 25432 | Orc:2    | Entered Level 2 of the Orcish Mines
 25433 | Orc:2    | Noticed an orc warlord
 25434 | Orc:2    | Noticed Azrael
 25453 | Orc:1    | Killed an orc warlord
 25813 | Orc:1    | Identified the +3 tower shield of Qesus {rC+++ Str-2 Int-2
                  | Dex+2} (Okawaru gifted it to you on level 1 of the Orcish
                  | Mines)
 25813 | Orc:1    | Received a gift from Okawaru
 26546 | D:13     | Noticed Jorgrun
 26557 | D:13     | Killed Jorgrun
 26907 | D:13     | Found a gate to the Vaults.
 28222 | D:14     | Received a gift from Okawaru
 28262 | D:14     | Reached skill level 17 in Fighting
 28592 | D:15     | Entered Level 15 of the Dungeon
 28630 | D:15     | Received a gift from Okawaru
 28861 | D:15     | Reached XP level 16. HP: 128/141 MP: 22/22
 29075 | D:15     | Noticed Josephine
 29086 | D:15     | Killed Josephine
 29292 | D:15     | Reached skill level 5 in Dodging
 29458 | D:15     | Found a staircase to the Depths.
 29858 | Orc:2    | Killed Azrael
 29863 | Orc:2    | Noticed Urug
 29880 | Orc:2    | Received a gift from Okawaru
 29885 | Orc:2    | Killed Urug
 29895 | Orc:2    | Found a staircase to the Elven Halls.
 31003 | Orc:2    | Found Ijobb's General Store.
 31004 | Orc:2    | Found Enaopsolus's Book Boutique.
 31006 | Orc:2    | Found Mofuidoa's Antique Armour Boutique.
 31006 | Orc:2    | Found Rylug's Antique Weapon Shop.
 31020 | Orc:2    | Bought a scroll of acquirement for 520 gold pieces
 31020 | Orc:2    | Bought a scroll of magic mapping for 75 gold pieces
 31020 | Orc:2    | Bought a potion of curing for 30 gold pieces
 31024 | Orc:2    | Acquired 723 gold pieces
 31386 | Snake:1  | Entered Level 1 of the Snake Pit
 31443 | Snake:1  | Found Nelurphy's Book Emporium.
 31535 | Snake:1  | Bought a manual of Evocations for 1200 gold pieces
 31849 | Snake:1  | Received a gift from Okawaru
 31850 | Snake:1  | Reached skill level 18 in Fighting
 31899 | Snake:1  | Reached skill level 10 in Evocations
 33253 | Snake:2  | Identified the +5 chain mail of Leloryax {rElec} (Okawaru
                  | gifted it to you on level 2 of the Snake Pit)
 33253 | Snake:2  | Received a gift from Okawaru
 33446 | Snake:2  | Found Gyfupn's Armour Shoppe.
 33786 | Snake:2  | Reached XP level 17. HP: 118/151 MP: 23/23
 35625 | Snake:3  | Found a runed translucent door.
 35954 | Snake:3  | Noticed blobycou's ghost (journeyman DsFi)
 36005 | Snake:3  | Killed blobycou's ghost
 36070 | Snake:4  | Entered Level 4 of the Snake Pit
 36378 | Snake:4  | Found a sparkling altar of Nemelex Xobeh.
 36667 | Snake:4  | Reached skill level 19 in Fighting
 37602 | Snake:4  | Identified the +1 pair of boots of Tael {rCorr Str+4
                  | Stlth+} (Okawaru gifted it to you on level 4 of the Snake
                  | Pit)
 37602 | Snake:4  | Received a gift from Okawaru
 37782 | Snake:4  | Noticed a quicksilver dragon
 37785 | Snake:4  | HP: 7/153 [quicksilver dragon/bolt of dispelling energy
                  | (21)]
 37798 | Snake:4  | Killed a quicksilver dragon
 38201 | Snake:4  | Noticed a quicksilver dragon
 38221 | Snake:4  | Killed a quicksilver dragon
 38621 | Snake:4  | Got a serpentine rune of Zot
 39063 | Shoals:1 | Entered Level 1 of the Shoals
 39795 | Shoals:1 | Reached XP level 18. HP: 97/161 MP: 24/24
 40450 | Shoals:2 | Found a transporter.
 40451 | Shoals:2 | Identified the +0 plate armour of the Desert {Slay+2}
                  | (Okawaru gifted it to you on level 2 of the Shoals)
 40451 | Shoals:2 | Received a gift from Okawaru
 40496 | Shoals:2 | Found a transporter.
 40536 | Shoals:2 | Found a transporter.
 40539 | Shoals:2 | Found a transporter.
 40859 | Shoals:2 | Found a transporter.
 40866 | Shoals:2 | Found a transporter.
 41230 | Shoals:3 | Reached skill level 20 in Fighting
 41369 | Shoals:3 | Noticed Ilsuiw
 41382 | Shoals:3 | Noticed Polyphemus
 41404 | Shoals:3 | Killed Ilsuiw
 41427 | Shoals:3 | Killed Polyphemus
 41959 | Shoals:3 | Upgraded the game from 0.29.0-4-gdea44cf6ec to
                  | 0.29.0-5-ge4962eb29e
 41977 | Shoals:4 | Entered Level 4 of the Shoals
 42034 | Shoals:4 | Killed from afar by a water nymph

Illustrated notes

Levels and vault maps discovered:
D:1:      minmay_arrival_glassed_features, layout_rooms,
          serial_co_window_serial, co_window_of_opportunity_a,
          co_window_paths_b, co_window_corner_a, co_window_cross_1,
          co_window_corner_a, co_window_paths_a, co_window_paths_b,
          co_window_paths_a, co_window_paths_a, co_window_unsneaky_path_e,
          co_window_broadway_c, co_window_corner_ca, co_window_4corner_b,
          glass_columns_b, glass_columns_b, glass_columns_a, glass_columns_b,
          glass_columns_a
D:2:      layout_rooms, shapermc_ecumenical_altar_petra, uniq_robin,
          uniq_crazy_yiuf_cottage, uniq_natasha
D:3:      layout_rooms, glass_columns_c, palyth_stone_intersect
D:4:      layout_rooms, fedhas_altar_decomposition
D:5:      layout_rooms, kennysheep_mini_moat, uniq_pikel
D:6:      layout_basic, nzn_wu_jian_council_hall,
          mainiacjoe_overflow_catch_the_wave, minmay_temple_entry_grid,
          biasface_ghost_orc_armoury, hex_tiny, chequers_decorated_corner,
          nicolae_shop_overcharged_wands
D:7:      layout_loops_ring, nicolae_ru_path_of_blood, lemuel_crystal_altar,
          serial_shops, nicolae_shop_trees, minmay_misc_feat_pillars
D:8:      layout_basic, kennysheep_little_box, lemuel_coloured_pillars_altar,
          minmay_lair_entry_grove, uniq_grum, uniq_joseph, uniq_psyche
D:9:      minmay_shrinking_squares, layout_loops_cross
D:10:     layout_basic, old_standard_altar, general_overflow_altar,
          demons_altar, nicolae_overflow_hidden_temple,
          mainiacjoe_overflow_tiny_flanked
D:11:     layout_roguey
D:12:     layout_basic, kennysheep_orc_monster_closet_entryway,
          grunt_ministairs_10, nicolae_looking_at_the_future, uniq_kirke
D:13:     layout_roguey, david_vaults_4, uniq_jorgrun
D:14:     layout_gridville, minmay_holes
D:15:     grunt_enter_depths_hoard, layout_irregular_city,
          nicolae_figureground_pulse, uniq_josephine
Temple:   hellmonk_temple_divided_pantheon
Lair:1:   layout_roguey, gammafunk_ghost_necromancy, lemuel_fruit_tree,
          grunt_megastairs_3
Lair:2:   layout_cave_pods, elwin_shoals_entry_rocks,
          gammafunk_ghost_abyssal_escape, uniq_amaemon, uniq_maggie
Lair:3:   layout_long_grid, minmay_snake_entry_six_corridors
Lair:4:   layout_cave_pods, slime_entry_1, beast_lair_carwin_3
Lair:5:   hellmonk_lair_end_abyssal_woods, layout_concentric_octagons,
          grunt_megastairs_5, serial_bayou_shore_a
Shoals:1: layout_shoals, nicolae_shoals_hidden_pirate_stash
Shoals:2: layout_shoals, serial_nicolae_subway, nicolae_sub_station_crystal,
          nicolae_sub_station_metal, nicolae_sub_station_stone
Shoals:3: cheibrodos_shoals_satyrical_garden, layout_shoals, ldierk_geyser,
          uniq_ilsuiw, uniq_polyphemus
Shoals:4: shoals_end_grunt_ice, layout_shoals
Snake:1:  layout_misc_corridors, serial_shops, shop_statue, grunt_megastairs_4
Snake:2:  layout_basic, serial_shops, nicolae_take_the_stairs,
          serial_bayou_ford_a, drop_trap, nicolae_coiled_stairwell_up
Snake:3:  layout_cave_shapes, ebering_ghost_reflecting_pool
Snake:4:  hellmonk_snake_rune_quicksilver_temple, layout_cave_town, basic_altar
Orc:1:    layout_caves
Orc:2:    st_orc_congregation, layout_diamond_mine, elves_outpost_lemuel,
          uniq_urug, uniq_azrael

Skill      XL: |  1  2  3  4  5  6  7  8  9 10 11 12 13 14 15 16 17 18 |
---------------+-------------------------------------------------------+-----
Fighting       | 2 3 4 5 7 8 9 10 11 12 14 15 17 18 19 20 | 20.0
Unarmed Combat | 4 5 7 8 10 11 12 14 15 16 17 18 19 | 19.5
Evocations     | 1 2 3 5 6 7 9 10 12 13 | 13.6
Armour         | 3 5 7 8 10 11 | 11.6
Invocations    | 3 5 6 7 8 |  8.4
Shields        | 5 8 10 11 12 13 14 | 14.8
Dodging        | 4 6 7 |  7.3
Spellcasting   | |  2.1
Transmutations | |  2.1

Action                   |  1- 3 |  4- 6 |  7- 9 | 10-12 | 13-15 | 16-18 || total
-------------------------+-------+-------+-------+-------+-------+-------++-------
Melee: Unarmed           |   116 |   180 |   257 |   692 |  1397 |  1373 ||  4015
       Punch             |     2 |    11 |    12 |     1 |       |       ||    26
       Headbutt          |       |     5 |       |       |       |       ||     5
       Kick              |       |     4 |       |       |       |       ||     4
 Cast: Beastly Appendage |       |     4 |       |       |       |       ||     4
Invok: Heroism           |       |       |       |    16 |    17 |    14 ||    47
       Finesse           |       |       |       |       |     4 |     5 ||     9
 Abil: Hop               |       |     1 |     1 |     2 |     4 |     6 ||    14
Evoke: Wand              |       |       |    14 |     8 |    12 |    27 ||    61
       Tin of tremorston |       |       |       |       |     3 |    10 ||    13
       Phial of floods   |       |       |       |       |     1 |     6 ||     7
  Use: Scroll            |     1 |    10 |     3 |     6 |    12 |    13 ||    45
       Potion            |     1 |     2 |       |     5 |     2 |     9 ||    19
 Stab: Paralysed         |       |       |     7 |     4 |       |       ||    11
       Invisible         |       |       |       |    10 |       |       ||    10
       Distracted        |       |       |       |       |       |     1 ||     1
       Petrified         |       |       |       |       |       |     1 ||     1
Armor: Ring mail         |    51 |    22 |       |       |       |       ||    73
       Robe              |     3 |       |       |       |       |       ||     3
       Skin              |     7 |    26 |       |       |       |       ||    33
       Scale mail        |       |    63 |    76 |   106 |   581 |   360 ||  1186
       Storm dragon scal |       |       |       |   147 |     3 |       ||   150
Dodge: Dodged            |    63 |    94 |    94 |    85 |   275 |   257 ||   868
Block: Tower shield      |       |       |       |   549 |  1675 |  1428 ||  3652
       Reflection        |       |       |       |     1 |    24 |    92 ||   117
